 Dungeon Crawl Stone Soup version 0.21-a0-71-g5e5ddd2 (webtiles) character file.

5365 xgamer67 the Conjurer (level 10, -5/70 HPs)
             Began as a Human Ice Elementalist on June 19, 2017.
             Was a Believer of Kikubaaqudgha.
             Slain by a komodo dragon (27 damage)
             ... on level 10 of the Dungeon.
             The game lasted 00:45:08 (13138 turns).

xgamer67 the Conjurer (Human Ice Elementalist)     Turns: 13138, Time: 00:45:09

Health: -5/70      AC: 14    Str:  8    XL:     10   Next: 97%
Magic:  7/19       EV: 14    Int: 19    God:    Kikubaaqudgha [**....]
Gold:   546        SH:  0    Dex: 14    Spells: 0/21 levels left

rFire    . . .     SeeInvis .   a - +0 dagger (freeze)
rCold    . . .     Gourm    .   (no shield)
rNeg     . . .     Faith    +   J - +0 steam dragon scales
rPois    +         Spirit   .   (no helmet)
rElec    .         Reflect  .   i - +0 cloak
rCorr    .         Harm     .   (no gloves)
MR       .....                  o - +1 pair of boots
Stlth    ++........             q - amulet of faith
HPRegen  0.21/turn              p - ring of poison resistance
MPRegen  0.16/turn              l - +4 ring of slaying

@: icy armour, very slightly contaminated, drained, slow
A: no striking features
a: Receive Corpses, Renounce Religion


You were on level 10 of the Dungeon.
You worshipped Kikubaaqudgha.
Kikubaaqudgha was pleased with you.
You were not hungry.

You visited 2 branches of the dungeon, and saw 11 of its levels.

You collected 546 gold pieces.

Inventory:

Hand Weapons
 a - a +0 dagger of freezing (weapon)
 x - a +2 flail of draining
 y - a +0 trident of protection
 z - a +2 spear of venom
Armour
 i - a +0 cloak (worn)
 o - a +1 pair of boots (worn)
 J - +0 steam dragon scales (worn)
Jewellery
 e - an uncursed ring of stealth
 l - a +4 ring of slaying (right hand)
 n - an uncursed ring of protection from magic
 p - a ring of poison resistance (left hand)
 q - an amulet of faith (around neck)
Wands
 b - a wand of iceblast (11/15)
 h - a wand of scattershot (1/9)
 B - a wand of iceblast (5/15)
Scrolls
 r - 7 scrolls of teleportation
 A - a scroll of fog
 D - 4 scrolls of magic mapping
 K - 3 scrolls of identify
Potions
 d - a potion of lignification
 f - 2 potions of mutation
 g - a potion of curing
 m - a potion of ambrosia
 s - 2 potions of haste
 t - 3 potions of flight
 u - a potion of agility
 v - a potion of berserk rage
 H - a potion of magic
Books
 j - the Catalogue of Evil Arcane Weapons
   (You found it on level 9 of the Dungeon)

   Spells                             Type                      Level
   a - Magic Dart                     Conjuration                  1
   b - Sting                          Conjuration/Poison           1
   c - Animate Skeleton               Necromancy                   1
   d - Static Discharge               Conjuration/Air              3
   e - Bolt of Draining               Conjuration/Necromancy       5
   f - Iron Shot                      Conjuration/Earth            6
 k - a book of Callings

   Spells                             Type                      Level
   a - Summon Small Mammal            Summoning                    1
   b - Call Imp                       Summoning                    2
   c - Call Canine Familiar           Summoning                    3
   d - Summon Guardian Golem          Hexes/Summoning              3
   e - Summon Lightning Spire         Summoning/Air                4
   f - Summon Ice Beast               Ice/Summoning                4
 w - a book of Flames

   Spells                             Type                      Level
   a - Flame Tongue                   Conjuration/Fire             1
   b - Throw Flame                    Conjuration/Fire             2
   c - Conjure Flame                  Conjuration/Fire             3
   d - Inner Flame                    Hexes/Fire                   3
   e - Sticky Flame                   Conjuration/Fire             4
   f - Fireball                       Conjuration/Fire             5
 F - a book of Minor Magic

   Spells                             Type                      Level
   a - Magic Dart                     Conjuration                  1
   b - Blink                          Translocation                2
   c - Call Imp                       Summoning                    2
   d - Slow                           Hexes                        2
   e - Conjure Flame                  Conjuration/Fire             3
   f - Mephitic Cloud                 Conjuration/Poison/Air       3
 I - Sif Muna's Papyrus of Earthen Self-Knowledge
   (You found it on level 8 of the Dungeon)

   Spells                             Type                      Level
   a - Leda's Liquefaction            Hexes/Earth                  4
   b - Petrify                        Transmutation/Earth          4
   c - Excruciating Wounds            Charms/Necromancy            5
   d - Ring of Flames                 Charms/Fire                  7
Comestibles
 c - 8 bread rations
 C - 2 meat rations
 E - a royal jelly


   Skills:
 - Level 3.1(2.6) Fighting
 - Level 5.1(4.6) Dodging
 - Level 2.0(1.5) Stealth
 + Level 6.1(5.6) Spellcasting
 + Level 7.2(6.7) Conjurations
 - Level 4.0(3.5) Charms
 - Level 5.0(4.5) Summonings
 - Level 5.0(4.4) Necromancy
 + Level 0.4(0.0) Translocations
 + Level 7.1(6.5) Ice Magic


You couldn't memorise any spells.
You knew the following spells:

 Your Spells              Type           Power        Failure   Level  Hunger
a - Freeze                Ice            ####         1%          1    None
b - Throw Frost           Conj/Ice       ####..       1%          2    None
c - Throw Icicle          Conj/Ice       ####....     8%          4    ####...
d - Corpse Rot            Necr           N/A          2%          2    None
e - Summon Ice Beast      Ice/Summ       ####....     12%         4    ####...
g - Ozocubu's Armour      Chrm/Ice       ###.....     4%          3    ##.....
h - Regeneration          Chrm/Necr      ###.......   7%          3    ##.....
A - Blink                 Tloc           N/A          17%         2    None


Dungeon Overview and Level Annotations

Branches:
Dungeon (10/15)            Temple (1/1) D:5
   Lair: D:8-11         Orc: D:9-12

Altars:
Ashenzari
Cheibriados
Dithmenos
Elyvilon
Hepliaklqana
Kikubaaqudgha
Makhleb
Nemelex Xobeh
Okawaru
Ru
Sif Muna
Trog
Uskayaw
Vehumet
Wu Jian
Xom
Yredelemnul
Zin
The Shining One

Shops:
D:9 :

Annotations:
D:8 Grum; anet's ghost, novice MiFi
D:9 exclusion: two-headed ogre
D:10 Urug


Message History

You freeze the komodo dragon.
The komodo dragon seems to slow down.
The komodo dragon is heavily wounded.
The komodo dragon bites you!!
Casting: Freeze
Confirm with . or Enter, or press ? or * to list all spells.
Aiming: Freeze
Press: ? - help, Shift-Dir - straight line, f/p - komodo dragon
Aim: a komodo dragon (heavily wounded, slow)
You freeze the komodo dragon.
The komodo dragon is severely wounded.
Casting: Freeze
Confirm with . or Enter, or press ? or * to list all spells.
Aiming: Freeze
Press: ? - help, Shift-Dir - straight line, f/p - komodo dragon
Aim: a komodo dragon (severely wounded, slow)
You freeze the komodo dragon.
The komodo dragon seems to slow down.
The komodo dragon is almost dead.
The komodo dragon bites you!!
You die...
Kikubaaqudgha rasps: "You have failed me!
Welcome... death!"

.## ...t. .... #.l #..#
#...###### .# a####?....l@#
.# #...........# Z#
#.##..†..[.# .# #..........#
.# #..........# .# ###
#......[....#########.#.....
.####.......).......<.o.#
##....%>..........###
##################


You could see a komodo dragon.

Vanquished Creatures
  A two-headed ogre (D:9)
  The ghost of HAL9000 the Cudgeler, an amateur OgHu of Wu Jian (D:3)
  A hornet (D:7)
  Grinder (D:3)
  3 hippogriffs
  Sigmund (D:2)
  A steam dragon (D:9)
  3 vampire mosquitoes (D:8)
  Edmund (D:5)
  A water moccasin (D:8)
  A sky beast (D:8)
  A black bear (D:6)
  8 ogres
  4 centaurs
  2 big kobolds
  3 bullfrogs
  4 scorpions
  3 killer bees (D:7)
  A howler monkey (D:5)
  3 crimson imps
  A quasit (D:8)
  A bullfrog zombie (D:5)
  5 hounds
  4 orc priests
  A bullfrog skeleton (D:9)
  Jessica (D:3)
  3 orc wizards
  Ijyb (D:5)
  An iguana (D:6)
  6 worker ants
  A worker ant zombie (D:5)
  4 gnolls
  6 adders
  A shadow imp (D:4)
  An adder zombie (D:5)
  5 leopard geckos
  9 orcs
  A giant cockroach (D:1)
  6 goblins
  6 hobgoblins
  15 jackals
  16 kobolds
  5 quokkas
  5 ball pythons
  3 bats
  3 frilled lizards
  2 jackal skeletons (D:4)
  3 leopard gecko skeletons
  A quokka skeleton (D:7)
  A rat (D:1)
162 creatures vanquished.

Vanquished Creatures (collateral kills)
  A hippogriff (D:7)
  A bullfrog skeleton (D:7)
  A gnoll (D:5)
3 creatures vanquished.

Vanquished Creatures (others)
  A quokka (D:6)
1 creature vanquished.

Grand Total: 166 creatures vanquished

Notes
Turn   | Place    | Note
-------+----------+-------------------------------------------
     0 | D:1      | xgamer67 the Human Ice Elementalist began the quest for the Orb.
     0 | D:1      | Reached XP level 1. HP: 13/13 MP: 3/3
   125 | D:1      | Reached XP level 2. HP: 7/19 MP: 5/5
   162 | D:1      | Learned a level 2 spell: Throw Frost
  1244 | D:2      | Reached XP level 3. HP: 24/24 MP: 3/6
  1364 | D:2      | You fall through a shaft!
  1369 | D:3      | Learned a level 3 spell: Ozocubu's Armour
  1376 | D:3      | Noticed HAL9000's ghost (amateur OgHu)
  1390 | D:3      | Noticed Jessica
  1436 | D:3      | Found a faded altar of an unknown god.
  1455 | D:3      | Noticed Grinder
  1568 | D:2      | Noticed Sigmund
  1954 | D:4      | Reached skill level 1 in Charms
  1954 | D:4      | Reached XP level 4. HP: 23/30 MP: 2/7
  2019 | D:4      | Found a hide-covered altar of Uskayaw.
  2234 | D:4      | Found a burning altar of Makhleb.
  2235 | D:4      | Found a glowing golden altar of the Shining One.
  2236 | D:4      | Found a hazy altar of Hepliaklqana.
  2264 | D:4      | Noticed an ogre
  2284 | D:4      | Noticed an ogre
  2291 | D:4      | Killed an ogre
  2291 | D:4      | Reached skill level 5 in Ice Magic
  2291 | D:4      | Reached XP level 5. HP: 26/35 MP: 0/8
  2389 | D:4      | Reached XP level 6. HP: 19/41 MP: 4/9
  2966 | D:4      | Noticed an ogre
  3735 | D:5      | Entered Level 5 of the Dungeon
  3846 | D:5      | Noticed an ogre
  3851 | D:5      | Noticed Edmund
  4034 | D:5      | Reached XP level 7. HP: 29/46 MP: 8/10
  4149 | D:5      | Noticed Ijyb
  4706 | D:6      | Found a white marble altar of Elyvilon.
  5182 | D:7      | Learned a level 4 spell: Throw Icicle
  5425 | D:7      | Reached XP level 8. HP: 31/52 MP: 8/12
  5785 | D:7      | Noticed a hippogriff
  5996 | D:2      | Killed Sigmund
  5996 | D:2      | Reached skill level 1 in Fighting
  6284 | D:3      | Found a snail-covered altar of Cheibriados.
  6420 | D:3      | Found an iron altar of Okawaru.
  6526 | D:3      | Paralysed by Grinder for 5 turns
  6590 | D:3      | Paralysed by Grinder for 2 turns
  6593 | D:3      | Killed Grinder
  6916 | D:3      | Killed HAL9000's ghost
  6916 | D:3      | Reached XP level 9. HP: 39/63 MP: 0/14
  7171 | D:3      | Killed Jessica
  7410 | D:4      | Reached skill level 5 in Dodging
  7611 | D:5      | Learned a level 4 spell: Summon Ice Beast
  7719 | D:5      | Found a staircase to the Ecumenical Temple.
  7741 | Temple   | Entered the Ecumenical Temple
  7856 | Temple   | Became a worshipper of Kikubaaqudgha
  7924 | D:5      | Killed Ijyb
  7924 | D:5      | Reached skill level 1 in Summonings
  8194 | D:5      | Killed Edmund
  9016 | D:7      | Killed a hippogriff
  9016 | D:7      | Reached * piety under Kikubaaqudgha
  9016 | D:7      | Identified Kikubaaqudgha's Reference Book on Sinister Magic (Kikubaaqudgha gifted it to you on level 7 of the Dungeon)
  9016 | D:7      | Received a gift from Kikubaaqudgha
  9026 | D:7      | Learned a level 2 spell: Corpse Rot
  9129 | D:7      | Reached skill level 5 in Conjurations
  9129 | D:7      | Reached skill level 5 in Summonings
  9129 | D:7      | Reached skill level 1 in Necromancy
  9368 | D:7      | Reached XP level 10. HP: 70/70 MP: 9/16
  9564 | D:7      | Found a shimmering altar of Xom.
  9898 | D:7      | Reached skill level 5 in Spellcasting
 10062 | D:7      | Learned a level 3 spell: Regeneration
 10863 | D:8      | Reached skill level 5 in Necromancy
 11292 | D:8      | Noticed a two-headed ogre
 11379 | D:8      | Noticed Grum
 11389 | D:8      | Identified Sif Muna's Papyrus of Earthen Self-Knowledge
 11442 | D:8      | Noticed anet's ghost (novice MiFi)
 11506 | D:9      | Found Reig's Book Shoppe.
 11886 | D:9      | Reached ** piety under Kikubaaqudgha
 12172 | D:9      | Noticed a two-headed ogre
 12218 | D:9      | Killed a two-headed ogre
 12339 | D:9      | Learned a level 2 spell: Blink
 12347 | D:9      | Identified the Catalogue of Evil Arcane Weapons
 12596 | D:9      | Noticed a two-headed ogre
 12944 | D:10     | Entered Level 10 of the Dungeon
 12944 | D:10     | Noticed Urug
 13082 | D:10     | Noticed a gargoyle
 13122 | D:10     | Noticed a komodo dragon
 13138 | D:10     | Slain by a komodo dragon

Vault maps used:
D:1:      elethiomel_arrival_shortcut
D:2:      uniq_sigmund
D:3:      nicolae_overflow_crystal_walls, okawaru_altar_gauntlet_db,
          chequers_ecumenical_altar_simple, first_bread, uniq_jessica,
          uniq_grinder
D:4:      eat_drink_and_be_merry_uskayaw, minitemple
D:5:      minmay_temple_entry_overgrown, uniq_ijyb, uniq_edmund
D:6:      elyvilon_altar_4
D:7:      tgw_xom, grunt_ogre_cave
D:8:      marbit_many_paths, grunt_gozag_breadcrumbs, tgw_fedhas, eino_jars,
          uniq_grum, uniq_maurice
D:9:      serial_shops, nicolae_shop_crystal
D:10:     nicolae_trove_entry_crossroad, uniq_urug
Temple:   jpeg_temple_clearing

Skill      XL: |  1  2  3  4  5  6  7  8  9 10 |
---------------+-------------------------------+-----
Ice Magic      | 4 5 6 7 |  7.1
Charms         | 1 2 3 4 |  4.0
Conjurations   | 2 3 5 7 |  7.2
Spellcasting   | 3 4 6 |  6.1
Fighting       | 3 |  3.1
Dodging        | 4 5 |  5.1
Summonings     | 5 |  5.0
Necromancy     | 1 5 |  5.0
Stealth        | |  2.0
Translocations | |  0.4

Action                   |  1- 3 |  4- 6 |  7- 9 | 10-12 || total
-------------------------+-------+-------+-------+-------++-------
Melee: Mace              |    42 |       |       |       ||    42
       Unarmed           |     1 |       |       |       ||     1
       Dagger            |    34 |    57 |   147 |    72 ||   310
 Cast: Freeze            |    15 |    22 |   124 |    92 ||   253
       Throw Frost       |       |     5 |    33 |    27 ||    65
       Ozocubu's Armour  |       |       |    16 |     8 ||    24
       Summon Ice Beast  |       |       |     4 |     7 ||    11
       Regeneration      |       |       |       |     5 ||     5
Invok: Receive Corpses   |       |       |       |     1 ||     1
Evoke: Wand              |       |       |       |     1 ||     1
  Use: Scroll            |       |     3 |    10 |     9 ||    22
       Potion            |       |       |     2 |       ||     2
 Stab: Sleeping          |     4 |     1 |     3 |     3 ||    11
       Distracted        |       |     2 |       |     1 ||     3
  Eat: Chunk             |     3 |     2 |    13 |    13 ||    31
       Fruit             |       |     5 |     1 |       ||     6
       Royal jelly       |       |       |     1 |     1 ||     2
       Bread ration      |       |       |     1 |       ||     1
Armor: Robe              |     4 |       |       |       ||     4
       Leather armour    |    13 |    14 |    58 |    44 ||   129
       Steam dragon scal |       |       |       |     7 ||     7
Dodge: Dodged            |    57 |    38 |   183 |   132 ||   410
